 Dungeon Crawl Stone Soup version 0.23.1-37-gaa34b87b72 (webtiles) character file.

Game seed: 3725693677465928426

182239 Forgol the Impaler (level 17, -1/110 HPs)
             Began as a Demonspawn Fighter on Mar 22, 2019.
             Was a High Priest of Okawaru.
             Succumbed to a green very ugly thing's poison
             ... on level 3 of the Abyss on Mar 23, 2019.
             The game lasted 01:42:58 (34872 turns).

Forgol the Impaler (Demonspawn Fighter)            Turns: 34872, Time: 01:42:58

Health: -1/110     AC: 19    Str: 19      XL:     17   Next: 35%
Magic:  15/16      EV: 14    Int: 10 (12) God:    Okawaru [*****.]
Gold:   2244       SH: 16    Dex:  9      Spells: 16/16 levels left

rFire    + + .     SeeInvis .   H - +3 demon trident of Obsession {venom, rF+ rC+++ rN+ Dex-4}
rCold    + + +     Gourm    +   M - +2 shield
rNeg     + . .     Faith    .   B - +1 chain mail {rC+}
rPois    +         Spirit   .   (helmet unavailable)
rElec    .         Reflect  .   w - scarf {repulsion}
rCorr    .         Harm     .   U - +0 pair of gloves of a volcano {Int+6}
MR       +....     Rnd*Tele +   R - +1 pair of boots {Fly}
Stlth    ..........             v - amulet of the gourmand
HPRegen  0.00/turn              g - ring of poison resistance
MPRegen  0.15/turn              j - +4 ring of dexterity

@: lethally poisoned (-1 -> -90), liquid flames, about to teleport, heroism,
berserk cooldown, flying, slowed, glowing, studying Slings, repel missiles, very
slow
A: horns 3, molten scales 2, [blurry vision 2], [clumsy 2], [deformed body],
[deterioration 1], [dopey 2], fire resistance 1, [frail 2], [low mp 3], powered
by death 2, [screaming 3], [inhibited regeneration], spiny 3, [teleportitis 3],
[weak 2], [no potion heal 1], [subdued magic 2]
}: 1/15 runes: barnacled
a: Heroism, Finesse, Renounce Religion, Stop Flying


You were on level 3 of the Abyss.
You worshipped Okawaru.
Okawaru was extremely pleased with you.
You were full.

You visited 6 branches of the dungeon, and saw 29 of its levels.
You visited the Abyss 1 time.

You collected 2244 gold pieces.

Inventory:

Hand Weapons
 x - a +5 demon trident of freezing
 H - the +3 demon trident of Obsession (weapon) {venom, rF+ rC+++ rN+ Dex-4}
   (You acquired it on level 9 of the Dungeon)

   It poisons the flesh of those it strikes.
   It affects your dexterity (-4).
   It protects you from fire.
   It renders you almost immune to cold.
   It protects you from negative energy.
 T - the +7 demon trident of Inconvenience {elec, Int+4}
   (Okawaru gifted it to you on level 15 of the Dungeon)

   Occasionally, upon striking a foe, it will discharge some electrical energy
   and cause terrible harm.
   It affects your intelligence (+4).
Missiles
 l - 50 tomahawks (quivered)
Armour
 w - a scarf of repulsion (worn)
 B - a +1 chain mail of cold resistance (worn)
 M - a +2 shield (worn)
 O - a +2 cloak of magic resistance
 R - a +1 pair of boots of flying (worn)
 U - the +0 pair of gloves of a volcano (worn) {Int+6}
   (Okawaru gifted it to you on level 1 of the Shoals)

   It affects your intelligence (+6).
Jewellery
 g - a ring of poison resistance (left hand)
 j - a +4 ring of dexterity (right hand)
 k - an uncursed ring of protection from magic {unknown}
 v - an amulet of the gourmand (around neck)
 y - an uncursed ring of protection from fire
 V - an uncursed ring of protection from magic {unknown}
 Y - a cursed -2 ring of evasion
Wands
 i - a wand of enslavement (15)
 m - a wand of paralysis (27)
 q - a wand of flame (48)
 s - a wand of iceblast (5)
 A - a wand of digging (6)
 J - a wand of random effects (32)
 L - a wand of scattershot (16)
 P - a wand of acid (28)
Scrolls
 b - 3 scrolls of blinking
 c - 2 scrolls of summoning
 e - 10 scrolls of teleportation
 h - 8 scrolls of remove curse
 p - 5 scrolls of magic mapping
 D - 5 scrolls of identify
 E - a scroll of amnesia
 F - 5 scrolls of fog
 G - a scroll of fear
 I - a scroll of holy word
Potions
 d - 4 potions of flight
 n - 5 potions of mutation
 r - 5 potions of magic
 t - 9 potions of haste
 u - 4 potions of brilliance
 z - a potion of ambrosia
 C - a potion of agility
 K - 2 potions of lignification
 N - 4 potions of curing
 Q - 2 potions of might
 S - a potion of cancellation
Books
 a - a manual of Slings
Comestibles
 f - 33 rations


   Skills:
 + Level 13.7(18.7) Fighting
 * Level 17.0(22.0) Polearms
 + Level 12.8(17.8) Armour
 + Level 9.3(14.3) Dodging
 + Level 11.5(16.5) Shields
 - Level 9.1 Invocations


You had 16 spell levels left.
You didn't know any spells.
Your spell library contained the following spells:

 Spells                   Type           Power        Failure   Level  Hunger
 Apportation              Tloc           #.....       83%         1    ##.....
 Flame Tongue             Conj/Fire      #....        83%         1    ##.....
 Magic Dart               Conj           #...         83%         1    ##.....
 Sandblast                Erth           #.....       83%         1    ##.....
 Sting                    Conj/Pois      #...         83%         1    ##.....
 Summon Butterflies       Summ           #.......     83%         1    ##.....
 Blink                    Tloc           N/A          92%         2    ###....
 Passwall                 Tmut/Erth      #.......     92%         2    ###....
 Poisonous Vapours        Pois/Air       #.....       92%         2    ###....
 Searing Ray              Conj           #.....       92%         2    ###....
 Shroud of Golubria       Chrm/Tloc      #.........   92%         2    ###....
 Slow                     Hex            #.......     92%         2    ###....
 Throw Flame              Conj/Fire      #.....       92%         2    ###....
 Conjure Flame            Conj/Fire      #.......     99%         3    ####...
 Dazzling Spray           Conj/Hex       #.....       99%         3    ####...
 Gell's Gravitas          Tloc           #.........   99%         3    ####...
 Inner Flame              Hex/Fire       #.......     99%         3    ####...
 Lesser Beckoning         Tloc           #.........   99%         3    ####...
 Mephitic Cloud           Conj/Pois/Air  #.......     99%         3    ####...
 Stone Arrow              Conj/Erth      #.....       99%         3    ####...
 Teleport Other           Tloc           #.......     99%         3    ####...
 Tukima's Dance           Hex            #.......     99%         3    ####...
 Force Lance              Conj/Tloc      #.......     100%        4    #####..
 Fulminant Prism          Conj/Hex       #.........   100%        4    #####..
 Iskenderun's Mystic Bla  Conj           #.......     100%        4    #####..
 Passage of Golubria      Tloc           N/A          100%        4    #####..
 Petrify                  Tmut/Erth      #.......     100%        4    #####..
 Sticky Flame             Conj/Fire      #.......     100%        4    #####..
 Alistair's Intoxication  Tmut/Pois      #.......     100%        5    ######.
 Bolt of Draining         Conj/Necr      #.........   100%        5    ######.
 Fireball                 Conj/Fire      #.........   100%        5    ######.
 Lee's Rapid Deconstruct  Erth           #.........   100%        5    ######.
 Metabolic Englaciation   Hex/Ice        #.........   100%        5    ######.
 Freezing Cloud           Conj/Ice/Air   #.........   100%        6    #######
 Invisibility             Hex            #.......     100%        6    #######
 Ring of Flames           Chrm/Fire      #.........   100%        7    #######


Dungeon Overview and Level Annotations

Branches:
Dungeon (15/15)            Temple (1/1) D:6            Lair (6/6) D:9
 Shoals (4/4) Lair:3       Spider (1/4) Lair:2        Slime (0/5) Lair:6
    Orc (2/2) D:10            Elf (0/3) Orc:2        Vaults (0/5) D:14
 Depths (0/5) D:15

Altars:
Ashenzari
Cheibriados
Dithmenos
Elyvilon
Fedhas
Gozag
Hepliaklqana
Kikubaaqudgha
Makhleb
Nemelex Xobeh
Okawaru
Qazlal
Ru
Sif Muna
Trog
Uskayaw
Vehumet
Wu Jian
Xom
Yredelemnul
Zin
The Shining One
Jiyva

Shops:
D:7 =!   D:13 !   D:14 *   Orc:2 ?*}:   Shoals:2 [

Annotations:
D:6 2 transporters, guttsta's ghost, novice GnWn
D:10 1 runed translucent door
Spider:1 Louise
Orc:2 1 runed translucent door, Freyura's ghost, journeyman MiFi


Innate Abilities, Weirdness & Mutations

You have a pair of large horns on your head.
You are mostly covered in molten scales. (AC +3)
Your flesh is heat resistant. (rF+)
You regenerate health from kills.
You are completely covered in sharp spines.
[Scrolls take you longer to read.]
[You are very clumsy. (Dex -4)]
[Armour fits poorly on your strangely shaped body.]
[Your body sometimes deteriorates upon taking damage.]
[You are very dopey. (Int -4)]
[You are very frail. (-20% HP)]
[Your magical capacity is extremely low. (-30% MP)]
[You frequently scream uncontrollably at your foes.]
[You do not regenerate when monsters are visible.]
[You are often teleported next to monsters.]
[You are very weak. (Str -4)]
[Potions are less effective at restoring your health.]
[Your spells are easier to cast, but less powerful.]


Message History

The red very ugly thing tail-slaps you but does no damage.
You closely miss the red very ugly thing.
The red very ugly thing is severely wounded.
You are covered in liquid flames!
* * * LOW HITPOINT WARNING * * *
You feel very sick.
The green very ugly thing is struck by your spines.
The green very ugly thing closely misses you.
You block the red ugly thing's attack.
The red very ugly thing headbutts you but does no damage.
The red very ugly thing tail-slaps you.
* * * LOW HITPOINT WARNING * * *
You are covered in liquid flames.
You are covered in liquid flames!
You hit the red very ugly thing.
The red very ugly thing looks as sick as possible!
The red very ugly thing is almost dead.
You are covered in liquid flames!
* * * LOW HITPOINT WARNING * * *
You die...

#### #..##
#...##§u§##
#..#. . ...
##.##..
.#.#.
#..##. #
#uu#.. ###
#@u##.#
#u##§#u #*#
§ #.# #!.
#/. ###


You could see 3 very ugly things, a wretched star and a red ugly thing.

Vanquished Creatures
  Nikola (Shoals:3)
  A tentacled starspawn (Abyss:3)
  A frost giant (Shoals:4)
  A ghoul (D:13)
  Nessos (Orc:2)
  4 merfolk javelineers
  17 merfolk impalers
  Josephine (Lair:6)
  4 vault guards (D:14)
  Fannar (D:10)
  An ogre mage (D:15)
  7 hydras
  Erica (D:8)
  3 centaur warriors (D:13)
  Harold (D:6)
  4 merfolk avatars
  An alligator snapping turtle (Shoals:3)
  6 merfolk aquamancers
  5 two-headed ogres
  A death knight (D:15)
  A satyr (Shoals:4)
  A queen ant (Lair:3)
  3 orc high priests (Orc:2)
  9 death yaks
  Urug (Lair:1)
  2 wretched stars (Abyss:3)
  Sonja (Lair:6)
  8 skeletal warriors
  8 sea snakes
  2 unseen horrors
  An unseen horror (shapeshifter) (D:13)
  3 wizards
  20 harpies
  A phantasmal warrior (D:15)
  Pikel (D:6)
  6 orc knights
  5 wolf spiders
  2 orb spiders (Spider:1)
  2 ugly things
  13 fauns
  3 orc sorcerers (Orc:2)
  5 cyclopes
  2 deep elf magi
  11 manticores
  A moth of wrath (Spider:1)
  9 merfolk sirens
  2 naga magi (D:15)
  Joseph (D:8)
  A black mamba (shapeshifter) (D:13)
  4 water nymphs
  A torpor snail (Lair:2)
  8 black mambas
  8 spiny frogs
  A gargoyle (D:14)
  7 komodo dragons
  3 freezing wraiths
  A queen bee (shapeshifter) (D:14)
  22 merfolk
  2 large abominations (Abyss:3)
  6 trolls
  6 wind drakes
  3 jumping spiders
  Prince Ribbit (D:8)
  13 dream sheep
  10 hippogriffs
  29 blink frogs
  14 slime creatures
  13 snapping turtles
  5 wraiths (Lair:6)
  4 redbacks (Spider:1)
  A spriggan (D:10)
  A ynoxinul (Abyss:3)
  10 water elementals
  65 yaks
  A shadow (D:12)
  3 wyverns
  3 basilisks
  A steam dragon (D:8)
  4 hungry ghosts
  6 wargs
  9 water moccasins
  An acid dragon (D:11)
  15 soldier ants
  Duvessa (D:5)
  26 orc warriors
  12 porcupines
  A slave (D:7)
  2 sky beasts
  4 ice beasts
  A black bear (Lair:2)
  4 phantoms
  14 ogres
  9 wolves
  10 centaurs
  13 crocodiles
  2 big kobolds
  19 bullfrogs
  Dowan (D:5)
  A small abomination (Abyss:3)
  2 wyvern skeletons
  3 scorpions
  16 killer bees
  9 wights (D:7)
  4 howler monkeys
  2 electric eels (D:12)
  5 crimson imps
  6 centaur zombies
  2 jellies
  6 hounds
  A bullfrog zombie (D:5)
  A bullfrog skeleton (D:10)
  16 orc priests
  A gnoll shaman (D:10)
  23 orc wizards
  5 centaur skeletons
  An iron imp (D:8)
  5 iguanas
  Ijyb (D:3)
  41 worker ants
  A hound skeleton (D:8)
  A hound zombie (D:8)
  4 worker ant zombies
  14 gnolls
  19 adders
  A howler monkey skeleton (D:7)
  5 shadow imps
  3 worms
  A dart slug (D:2)
  6 leopard geckos
  98 orcs
  7 bats
  7 giant cockroaches
  12 goblins
  7 hobgoblins
  17 jackals
  5 quokkas
  3 ball pythons
  11 frilled lizards
  2 goblin zombies
  A jackal skeleton (D:6)
  A jackal zombie (D:10)
  19 kobolds
  A quokka skeleton (D:8)
  A quokka zombie (D:5)
  3 rats
  A plant (Shoals:1)
  A starspawn tentacle (Abyss:3)
990 creatures vanquished.

Vanquished Creatures (others)
  2 orc priests
  A worker ant (D:8)
  A killer bee zombie (D:7)
  4 orcs (D:7)
  5 fungi
  10 plants
  2 starspawn tentacles (Abyss:3)
  2 withered plants (D:13)
27 creatures vanquished.

Grand Total: 1017 creatures vanquished

Notes
Turn   | Place    | Note
-------+----------+-------------------------------------------
     0 | D:1      | Forgol the Demonspawn Fighter began the quest for the Orb.
     0 | D:1      | Reached XP level 1. HP: 18/18 MP: 1/1
    68 | D:1      | Reached skill level 2 in Polearms
   141 | D:1      | Gained mutation: You are partially covered in sharp spines.
                  | [demonic ancestry]
   141 | D:1      | Reached XP level 2. HP: 19/24 MP: 2/2
   502 | D:1      | Reached XP level 3. HP: 29/29 MP: 3/3
  1354 | D:2      | Found a faded altar of an unknown god.
  1371 | D:2      | Gained mutation: You are partially covered in molten
                  | scales. (AC +2) [demonic ancestry]
  1371 | D:2      | Reached XP level 4. HP: 35/35 MP: 4/4
  1454 | D:2      | Found a shattered altar of Ashenzari.
  1577 | D:2      | Reached skill level 3 in Polearms
  2038 | D:2      | Found a shattered altar of Ashenzari.
  2350 | D:3      | Noticed Ijyb
  2371 | D:3      | Killed Ijyb
  2371 | D:3      | Reached XP level 5. HP: 37/42 MP: 5/5
  3131 | D:4      | Reached skill level 4 in Polearms
  3139 | D:4      | Gained mutation: You are mostly covered in sharp spines.
                  | [demonic ancestry]
  3139 | D:4      | Reached XP level 6. HP: 30/48 MP: 6/6
  3933 | D:4      | Reached skill level 5 in Polearms
  3933 | D:4      | Gained mutation: You are mostly covered in molten scales.
                  | (AC +3) [demonic ancestry]
  3933 | D:4      | Reached XP level 7. HP: 53/55 MP: 7/7
  4002 | D:5      | Entered Level 5 of the Dungeon
  4070 | D:5      | Reached skill level 5 in Fighting
  4380 | D:5      | Noticed Duvessa
  4380 | D:5      | Noticed Dowan
  4383 | D:5      | Reached skill level 6 in Polearms
  4410 | D:5      | Killed Duvessa
  4410 | D:5      | Reached skill level 5 in Armour
  4410 | D:5      | Gained mutation: You have a pair of small horns on your
                  | head. [demonic ancestry]
  4410 | D:5      | Reached XP level 8. HP: 47/63 MP: 8/8
  4415 | D:5      | Killed Dowan
  4981 | D:6      | Found a transporter.
  4985 | D:6      | Noticed guttsta's ghost (novice GnWn)
  5010 | D:6      | Found a transporter.
  5222 | D:6      | Reached skill level 7 in Polearms
  5413 | D:6      | Found a staircase to the Ecumenical Temple.
  5422 | Temple   | Entered the Ecumenical Temple
  5894 | D:7      | Noticed Harold
  6412 | D:6      | Killed Harold
  6412 | D:6      | Reached skill level 8 in Polearms
  6412 | D:6      | Gained mutation: You have a pair of horns on your head.
                  | [demonic ancestry]
  6412 | D:6      | Reached XP level 9. HP: 18/71 MP: 9/9
  6797 | D:7      | Found Mirreise's Jewellery Emporium.
  6863 | D:7      | Identified the +1 leather armour "Besifih" {-Cast rElec
                  | Int+7 Stlth+}
  7063 | D:7      | Noticed Pikel
  7085 | D:6      | Paralysed by Pikel for 4 turns
  7086 | D:6      | Killed Pikel
  7444 | D:7      | Found an iron altar of Okawaru.
  7446 | D:7      | Reached skill level 9 in Polearms
  7469 | D:7      | Became a worshipper of Warmaster Okawaru
  7541 | D:7      | Found Ohiokkeo's Distillery.
  7615 | D:7      | Reached skill level 1 in Invocations
  8053 | D:7      | Found an iron altar of Okawaru.
  8604 | D:7      | Gained mutation: You regenerate a little health from kills.
                  | [demonic ancestry]
  8604 | D:7      | Reached XP level 10. HP: 80/80 MP: 11/11
  8688 | D:7      | Found a hide-covered altar of Uskayaw.
  8983 | D:8      | Noticed Joseph
  8994 | D:8      | Killed Joseph
  8994 | D:8      | Reached * piety under Okawaru
  9277 | D:8      | Noticed Erica
  9297 | D:8      | Killed Erica
  9478 | D:8      | Noticed Prince Ribbit
  9481 | D:8      | Reached ** piety under Okawaru
  9500 | D:8      | Killed Prince Ribbit
  9753 | D:8      | Reached skill level 10 in Polearms
  9989 | D:8      | Found a shimmering altar of Xom.
 10320 | D:8      | Found a snail-covered altar of Cheibriados.
 10709 | D:9      | Identified a scroll of acquirement
 10710 | D:9      | Got an ebony demon trident
 10711 | D:9      | Identified the +3 demon trident of Obsession {venom, rF+
                  | rC+++ rN+ Dex-4} (You acquired it on level 9 of the
                  | Dungeon)
 10735 | D:9      | Noticed a manticore
 10746 | D:9      | Killed a manticore
 10746 | D:9      | Reached *** piety under Okawaru
 10746 | D:9      | Reached skill level 5 in Invocations
 10747 | D:9      | Reached skill level 5 in Shields
 10808 | D:9      | Found a basalt altar of Yredelemnul.
 10861 | D:9      | Gained mutation: You are completely covered in sharp
                  | spines. [demonic ancestry]
 10861 | D:9      | Reached XP level 11. HP: 77/87 MP: 14/14
 11146 | D:9      | Found a staircase to the Lair.
 11448 | Lair:1   | Entered Level 1 of the Lair of Beasts
 11530 | Lair:1   | Reached **** piety under Okawaru
 11632 | Lair:1   | Reached skill level 11 in Polearms
 11907 | Lair:1   | Reached ***** piety under Okawaru
 12636 | Lair:1   | Noticed Urug
 13095 | Lair:1   | Killed Urug
 13095 | Lair:1   | Gained mutation: You have a pair of large horns on your
                  | head. [demonic ancestry]
 13095 | Lair:1   | Reached XP level 12. HP: 86/96 MP: 9/17
 13145 | Lair:1   | Received a gift from Okawaru
 13406 | Lair:1   | Noticed a four-headed hydra
 13412 | Lair:1   | Killed a four-headed hydra
 13701 | Lair:2   | Noticed an eight-headed hydra
 13708 | Lair:2   | Killed an eight-headed hydra
 13841 | Lair:1   | Reached skill level 12 in Polearms
 14308 | Lair:2   | Reached skill level 10 in Fighting
 14381 | Lair:2   | Noticed a death yak
 14405 | Lair:2   | Killed a death yak
 14405 | Lair:2   | Received a gift from Okawaru
 15023 | Lair:2   | Noticed a six-headed hydra
 15032 | Lair:2   | Killed a six-headed hydra
 15374 | Lair:2   | Found a hole to the Spider Nest.
 15963 | Lair:3   | Reached skill level 1 in Dodging
 15972 | Lair:3   | Reached XP level 13. HP: 104/104 MP: 17/19
 16273 | Lair:3   | Reached skill level 13 in Polearms
 16346 | Lair:3   | Received a gift from Okawaru
 16351 | Lair:3   | Found a staircase to the Shoals.
 17248 | Lair:4   | You fall through a shaft for 2 floors!
 17248 | Lair:6   | Entered Level 6 of the Lair of Beasts
 17358 | Lair:4   | Reached skill level 10 in Armour
 18970 | Lair:6   | Noticed Sonja
 18991 | Lair:6   | Killed Sonja
 18991 | Lair:6   | Received a gift from Okawaru
 19008 | Lair:6   | Noticed Josephine
 19015 | Lair:6   | Killed Josephine
 19100 | Lair:6   | Found a staircase to the Slime Pits.
 19101 | Lair:6   | Found a viscous altar of Jiyva.
 19144 | Lair:6   | Gained mutation: Your flesh is heat resistant. (rF+)
                  | [demonic ancestry]
 19144 | Lair:6   | Reached XP level 14. HP: 100/113 MP: 13/20
 19864 | D:10     | Entered Level 10 of the Dungeon
 19932 | D:10     | Identified the +1 ring mail "Qintoim" {*Slow rC+ rN++
                  | Regen+}
 19956 | D:10     | Received a gift from Okawaru
 19959 | D:10     | Noticed Fannar
 19991 | D:10     | Killed Fannar
 19991 | D:10     | Reached skill level 14 in Polearms
 20280 | D:10     | Found a runed translucent door.
 20303 | D:10     | Found a basalt altar of Yredelemnul.
 20352 | D:10     | Found a staircase to the Orcish Mines.
 20426 | Orc:1    | Entered Level 1 of the Orcish Mines
 20948 | Orc:2    | Entered Level 2 of the Orcish Mines
 20970 | Orc:2    | Found a runed translucent door.
 21334 | Orc:1    | Reached skill level 5 in Dodging
 21666 | Orc:2    | Noticed Freyura's ghost (journeyman MiFi)
 21733 | Orc:2    | Found a staircase to the Elven Halls.
 22081 | Orc:2    | Noticed Nessos
 22104 | Orc:2    | Killed Nessos
 22598 | Orc:2    | Found Ravirr's Magic Scroll Boutique.
 22598 | Orc:2    | Found Emuts's General Store.
 22605 | Orc:2    | Found Ixonani's Gadget Boutique.
 22605 | Orc:2    | Found Jaychen's Book Emporium.
 22974 | D:11     | Got a distressingly furry ring mail
 22985 | D:11     | Identified the +2 ring mail "Byly" {+Fly MP+9 Str-3} (You
                  | found it on level 11 of the Dungeon)
 24187 | D:13     | Noticed a ghoul
 24213 | D:13     | Killed a ghoul
 24213 | D:13     | Received a gift from Okawaru
 24282 | D:13     | Reached XP level 15. HP: 113/120 MP: 14/21
 24683 | D:13     | Reached skill level 15 in Polearms
 24733 | D:13     | Found Naegeras's Distillery.
 25161 | D:14     | Identified Puucojics's Guide on the Hurtful Oath
 25412 | D:14     | Found Ajysiupp's Assorted Antiques.
 25577 | D:14     | Found a gate to the Vaults.
 25639 | D:14     | Reached skill level 10 in Shields
 25814 | D:15     | Entered Level 15 of the Dungeon
 26609 | D:15     | Received a gift from Okawaru
 26617 | D:15     | Found a staircase to the Depths.
 26622 | D:15     | Got a slimy demon trident {god gift}
 26630 | D:15     | Identified the +7 demon trident of Inconvenience {elec,
                  | Int+4} (Okawaru gifted it to you on level 15 of the
                  | Dungeon)
 27323 | Shoals:1 | Entered Level 1 of the Shoals
 28037 | Shoals:1 | Reached XP level 16. HP: 72/129 MP: 19/22
 28811 | Shoals:1 | Received a gift from Okawaru
 28822 | Shoals:1 | Got a pair of bloodstained gloves {god gift}
 28833 | Shoals:1 | Identified the +0 pair of gloves of a volcano {Int+6}
                  | (Okawaru gifted it to you on level 1 of the Shoals)
 29165 | Shoals:2 | Found Amyok's Antique Armour Emporium.
 29910 | Shoals:2 | Reached skill level 16 in Polearms
 31305 | Shoals:3 | Noticed Nikola
 31325 | Shoals:3 | Killed Nikola
 32533 | Shoals:4 | Entered Level 4 of the Shoals
 32666 | Shoals:4 | Received a gift from Okawaru
 33238 | Shoals:4 | Got a barnacled rune of Zot
 33273 | Shoals:4 | Gained mutation: You regenerate health from kills. [demonic
                  | ancestry]
 33273 | Shoals:4 | Reached XP level 17. HP: 110/137 MP: 17/23
 34409 | D:9      | Got a brightly glowing ring mail
 34420 | D:9      | Identified the +1 ring mail "Pataotz" {rPois rF- rC- SInv}
                  | (You acquired it on level 9 of the Dungeon)
 34470 | Spider:1 | Entered Level 1 of the Spider Nest
 34491 | Spider:1 | Reached skill level 17 in Polearms
 34546 | Spider:1 | Noticed Louise
 34565 | Spider:1 | Cast into level 3 of the Abyss (Louise)
 34629 | Abyss:3  | Found a corrupted altar of Lugonu.
 34757 | Abyss:3  | Noticed a hellephant
 34872 | Abyss:3  | HP: 5/110 [burnt (1)]
 34872 | Abyss:3  | Succumbed to a green very ugly thing's poison

Skill      XL: |  1  2  3  4  5  6  7  8  9 10 11 12 13 14 15 16 17 |
---------------+----------------------------------------------------+-----
Polearms       | 2 3 4 5 6 8 9 10 11 12 13 14 15 16 17 | 17.0
Armour         | 3 4 5 6 7 8 9 10 11 12 | 12.8
Shields        | 3 5 6 7 8 9 10 11 | 11.5
Fighting       | 4 5 6 7 8 9 10 11 12 13 | 13.7
Invocations    | 2 5 7 9 |  9.1
Dodging        | 1 4 6 7 8 9 |  9.3

Action                   |  1- 3 |  4- 6 |  7- 9 | 10-12 | 13-15 | 16-18 || total
-------------------------+-------+-------+-------+-------+-------+-------++-------
Melee: Trident           |    99 |   220 |   311 |   228 |       |       ||   858
       Headbutt          |       |       |    41 |   124 |   295 |    95 ||   555
       Demon trident     |       |       |       |   471 |  1677 |   960 ||  3108
Invok: Heroism           |       |       |       |    18 |    41 |    28 ||    87
       Finesse           |       |       |       |     4 |    10 |     9 ||    23
  Use: Scroll            |     3 |     8 |    10 |    12 |    15 |     8 ||    56
       Potion            |     1 |       |     3 |     4 |     6 |     4 ||    18
 Stab: Distracted        |       |       |       |       |     2 |       ||     2
  Eat: Chunk             |     1 |    25 |    19 |    31 |    44 |    20 ||   140
Armor: Scale mail        |    28 |    18 |    39 |   143 |   188 |       ||   416
       Chain mail        |       |    52 |    66 |       |   101 |   134 ||   353
       Steam dragon scal |       |       |     1 |       |       |       ||     1
Dodge: Dodged            |    21 |    34 |    39 |   111 |   305 |   208 ||   718
       Deflected         |       |       |       |       |     3 |    22 ||    25
Block: Shield            |    37 |    86 |   120 |   262 |   647 |   426 ||  1578
